[ AOE2 MATCH · #463511568 ]
Team RMPoles vs Japanese
[ REPLAY ANALYSIS · EXTRACTED FROM THE RECORDED GAME ]
Feudal
10:15
Castle
13:50
Imperial
29:15
| APM avg | 47.1 |
| APM peak | 86 |
| eAPM avg | 25.8 |
| Villagers / military | 145 / 167 |
Focus
⚔️ 30.8% · 🌾 69.2%
Cavalry Archer ×80 · Scout Cavalry ×71 · Bombard Cannon ×5 · Trebuchet (Packed) ×5 · Monk ×4 · Spearman ×2
Feudal
—
Castle
—
Imperial
—
| APM avg | 29.4 |
| APM peak | 62 |
| eAPM avg | 17.0 |
| Villagers / military | 136 / 380 |
Focus
⚔️ 34.1% · 🌾 65.9%
Spearman ×174 · Scorpion ×160 · Scout Cavalry ×35 · Trebuchet (Packed) ×9 · Militia ×1 · Mangonel ×1
Feudal
10:00
Castle
19:04
Imperial
33:36
| APM avg | 24.5 |
| APM peak | 55 |
| eAPM avg | 17.1 |
| Villagers / military | 94 / 83 |
Focus
⚔️ 21.4% · 🌾 78.6%
Spearman ×44 · Scorpion ×29 · Battering Ram ×9 · Mangonel ×1
Feudal
10:34
Castle
18:14
Imperial
32:00
| APM avg | 20.2 |
| APM peak | 43 |
| eAPM avg | 14.3 |
| Villagers / military | 138 / 344 |
Focus
⚔️ 31.9% · 🌾 68.1%
Spearman ×322 · Unknown (2550) ×70 · Battering Ram ×22
Feudal
10:01
Castle
15:49
Imperial
30:09
| APM avg | 22.6 |
| APM peak | 72 |
| eAPM avg | 13.2 |
| Villagers / military | 104 / 61 |
Focus
⚔️ 25.3% · 🌾 74.7%
Knight ×54 · Monk ×3 · Trebuchet (Packed) ×3 · Leitis ×1
Feudal
11:13
Castle
14:50
Imperial
28:07
| APM avg | 26.6 |
| APM peak | 62 |
| eAPM avg | 17.5 |
| Villagers / military | 137 / 124 |
Focus
⚔️ 32.1% · 🌾 67.9%
Knight ×110 · Bombard Cannon ×11 · Monk ×2 · Mangonel ×1
Feudal
10:56
Castle
14:51
Imperial
33:09
| APM avg | 28.3 |
| APM peak | 63 |
| eAPM avg | 17.5 |
| Villagers / military | 192 / 195 |
Focus
⚔️ 23.3% · 🌾 76.7%
Spearman ×179 · Militia ×15 · Trebuchet (Packed) ×1
Feudal
10:07
Castle
14:02
Imperial
28:56
| APM avg | 27.7 |
| APM peak | 54 |
| eAPM avg | 18.3 |
| Villagers / military | 168 / 52 |
Focus
⚔️ 23.2% · 🌾 76.8%
Cavalry Archer ×34 · Mangonel ×14 · Trebuchet (Packed) ×4
Match map
Resources at game start + every placement click. Thick line = wall · dashed box = detected house wall. 🟡 gold · ⚪ stone · 🟢 berries · 🔶 boar · ⭕ relic
Inputs per minute
— its big brain time - - fthkzlty
Build order — its big brain time
First 150 of 434 actions detected
| 0:01 | Create | Villager (Male) |
| 0:01 | Create | Villager (Male) |
| 0:02 | Create | Villager (Male) |
| 0:02 | Create | Villager (Male) |
| 0:03 | Build | House |
| 0:04 | Build | House |
| 1:33 | Create | Villager (Male) |
| 1:54 | Build | Lumber Camp |
| 2:01 | Create | Villager (Male) |
| 2:01 | Create | Villager (Male) |
| 2:17 | Create | Villager (Male) |
| 2:17 | Create | Villager (Male) |
| 2:49 | Create | Villager (Male) |
| 3:08 | Create | Villager (Male) |
| 3:08 | Create | Villager (Male) |
| 3:08 | Create | Villager (Male) |
| 3:51 | Create | Villager (Male) |
| 3:58 | Build | House |
| 4:01 | Create | Villager (Male) |
| 4:20 | Create | Villager (Male) |
| 4:38 | Build | Mill |
| 4:44 | Create | Villager (Male) |
| 5:17 | Create | Villager (Male) |
| 5:38 | Create | Villager (Male) |
| 5:48 | Build | Mill |
| 5:52 | Build | House |
| 5:54 | Create | Villager (Male) |
| 6:07 | Create | Villager (Male) |
| 6:16 | Create | Villager (Male) |
| 7:18 | Create | Villager (Male) |
| 7:46 | Build | Mining Camp |
| 8:05 | Research | Feudal Age |
| 8:28 | Create | Villager (Male) |
| 8:47 | Create | Villager (Male) |
| 10:15 | Age | Feudal Age |
| 10:16 | Build | Market |
| 10:18 | Build | Blacksmith |
| 11:10 | Research | Castle Age |
| 11:10 | Research | Castle Age |
| 11:41 | Create | Villager (Male) |
| 12:21 | Research | Double-Bit Axe |
| 12:21 | Research | Double-Bit Axe |
| 12:38 | Create | Villager (Male) |
| 13:50 | Age | Castle Age |
| 13:51 | Build | Town Center |
| 13:55 | Build | Town Center |
| 14:03 | Create | Villager (Male) |
| 14:16 | Build | Farm |
| 14:20 | Build | Farm |
| 14:27 | Build | Farm |
| 14:36 | Create | Villager (Male) |
| 14:40 | Research | Horse Collar |
| 14:40 | Research | Horse Collar |
| 14:57 | Create | Villager (Male) |
| 15:06 | Build | Farm |
| 15:08 | Build | Farm |
| 15:10 | Build | Farm |
| 15:10 | Create | Villager (Male) |
| 15:11 | Create | Villager (Male) |
| 15:14 | Create | Villager (Male) |
| 15:15 | Create | Villager (Male) |
| 15:15 | Create | Villager (Male) |
| 15:18 | Build | Farm |
| 15:19 | Build | Farm |
| 15:25 | Create | Villager (Male) |
| 15:25 | Create | Villager (Male) |
| 15:34 | Create | Villager (Male) |
| 15:34 | Create | Villager (Male) |
| 15:44 | Create | Villager (Male) |
| 15:46 | Build | Farm |
| 15:48 | Build | Farm |
| 15:50 | Build | Farm |
| 15:57 | Create | Villager (Male) |
| 15:58 | Create | Villager (Male) |
| 16:03 | Create | Villager (Male) |
| 16:04 | Create | Villager (Male) |
| 16:09 | Build | Farm |
| 16:21 | Build | Mill |
| 16:26 | Create | Villager (Male) |
| 16:27 | Create | Villager (Male) |
| 16:27 | Create | Villager (Male) |
| 16:32 | Create | Villager (Male) |
| 16:35 | Build | Farm |
| 16:35 | Build | Farm |
| 16:37 | Build | Farm |
| 16:40 | Create | Villager (Male) |
| 16:45 | Build | Farm |
| 16:57 | Create | Villager (Male) |
| 17:07 | Create | Villager (Male) |
| 17:10 | Create | Villager (Male) |
| 17:16 | Build | Farm |
| 17:20 | Create | Villager (Male) |
| 17:20 | Create | Villager (Male) |
| 17:24 | Build | Monastery |
| 17:29 | Build | Farm |
| 17:32 | Build | Farm |
| 17:33 | Create | Villager (Male) |
| 17:39 | Create | Villager (Male) |
| 17:48 | Create | Villager (Male) |
| 18:01 | Build | Farm |
| 18:02 | Build | Farm |
| 18:03 | Build | Farm |
| 18:07 | Build | Farm |
| 18:11 | Create | Villager (Male) |
| 18:12 | Create | Villager (Male) |
| 18:13 | Create | Villager (Male) |
| 18:13 | Create | Villager (Male) |
| 18:17 | Build | House |
| 18:21 | Build | House |
| 18:22 | Build | House |
| 18:24 | Build | House |
| 18:26 | Build | House |
| 18:37 | Build | Farm |
| 18:37 | Build | Farm |
| 18:39 | Research | Wheelbarrow |
| 18:44 | Build | House |
| 18:49 | Create | Villager (Male) |
| 18:51 | Build | House |
| 18:53 | Create | Monk |
| 18:57 | Create | Villager (Male) |
| 19:03 | Build | Barracks |
| 19:06 | Create | Villager (Male) |
| 19:14 | Build | Mining Camp |
| 19:16 | Create | Villager (Male) |
| 19:22 | Create | Villager (Male) |
| 19:42 | Build | Mill |
| 19:44 | Create | Villager (Male) |
| 19:46 | Build | Farm |
| 19:46 | Build | Farm |
| 19:47 | Build | Farm |
| 19:50 | Create | Villager (Male) |
| 19:54 | Create | Monk |
| 20:01 | Create | Villager (Male) |
| 20:05 | Create | Villager (Male) |
| 20:09 | Create | Spearman |
| 20:10 | Create | Spearman |
| 20:15 | Create | Villager (Male) |
| 20:18 | Build | Farm |
| 20:21 | Build | Farm |
| 20:23 | Build | Farm |
| 20:28 | Build | Farm |
| 20:29 | Build | Farm |
| 20:31 | Build | Farm |
| 20:35 | Create | Villager (Male) |
| 20:35 | Create | Villager (Male) |
| 20:36 | Create | Villager (Male) |
| 20:36 | Create | Villager (Male) |
| 20:36 | Create | Villager (Male) |
| 20:36 | Create | Villager (Male) |
| 20:39 | Research | Bow Saw |
Build order — fthkzlty
First 150 of 396 actions detected
| 0:01 | Create | Villager (Male) |
| 0:01 | Create | Villager (Male) |
| 0:01 | Create | Villager (Male) |
| 0:02 | Build | House |
| 0:04 | Build | House |
| 0:58 | Create | Villager (Male) |
| 0:58 | Create | Villager (Male) |
| 1:22 | Create | Villager (Male) |
| 1:22 | Create | Villager (Male) |
| 2:02 | Create | Villager (Male) |
| 2:02 | Create | Villager (Male) |
| 2:11 | Build | Lumber Camp |
| 2:14 | Create | Villager (Male) |
| 2:14 | Create | Villager (Male) |
| 2:37 | Create | Villager (Male) |
| 2:38 | Create | Villager (Male) |
| 3:05 | Create | Villager (Male) |
| 3:05 | Create | Villager (Male) |
| 3:32 | Create | Villager (Male) |
| 3:33 | Create | Villager (Male) |
| 3:33 | Create | Villager (Male) |
| 3:50 | Build | House |
| 3:52 | Build | House |
| 4:24 | Create | Villager (Male) |
| 4:25 | Create | Villager (Male) |
| 4:25 | Create | Villager (Male) |
| 4:25 | Create | Villager (Male) |
| 5:32 | Create | Villager (Male) |
| 5:32 | Create | Villager (Male) |
| 5:33 | Create | Villager (Male) |
| 5:33 | Create | Villager (Male) |
| 6:01 | Build | Mill |
| 6:59 | Create | Villager (Male) |
| 6:59 | Create | Villager (Male) |
| 7:35 | Create | Villager (Male) |
| 8:02 | Build | Mining Camp |
| 8:08 | Build | Farm |
| 8:12 | Build | Farm |
| 8:16 | Research | Feudal Age |
| 8:44 | Build | Farm |
| 10:01 | Create | Villager (Male) |
| 10:01 | Create | Villager (Male) |
| 10:16 | Build | House |
| 10:32 | Build | Blacksmith |
| 10:39 | Build | Market |
| 11:08 | Create | Villager (Male) |
| 11:23 | Build | Farm |
| 11:42 | Research | Castle Age |
| 12:13 | Research | Double-Bit Axe |
| 12:20 | Build | Farm |
| 12:35 | Research | Horse Collar |
| 12:50 | Create | Villager (Male) |
| 12:50 | Create | Villager (Male) |
| 14:28 | Build | Town Center |
| 14:43 | Build | Siege Workshop |
| 14:50 | Build | House |
| 14:58 | Create | Villager (Male) |
| 14:58 | Create | Villager (Male) |
| 15:29 | Build | House |
| 15:35 | Build | Farm |
| 15:36 | Build | Farm |
| 15:44 | Build | Farm |
| 15:45 | Create | Villager (Male) |
| 15:45 | Create | Villager (Male) |
| 15:46 | Create | Villager (Male) |
| 16:01 | Create | Villager (Male) |
| 16:01 | Create | Villager (Male) |
| 16:04 | Build | House |
| 16:39 | Create | Villager (Male) |
| 16:40 | Create | Villager (Male) |
| 16:51 | Create | Villager (Male) |
| 16:51 | Create | Villager (Male) |
| 17:08 | Build | Town Center |
| 17:12 | Create | Villager (Male) |
| 17:15 | Create | Villager (Male) |
| 17:15 | Create | Villager (Male) |
| 17:25 | Build | Farm |
| 17:28 | Create | Villager (Male) |
| 18:00 | Create | Mangonel |
| 18:15 | Create | Villager (Male) |
| 18:21 | Create | Villager (Male) |
| 18:23 | Create | Villager (Male) |
| 18:23 | Create | Villager (Male) |
| 18:23 | Create | Villager (Male) |
| 18:42 | Create | Villager (Male) |
| 18:44 | Create | Villager (Male) |
| 18:51 | Build | House |
| 18:52 | Build | House |
| 19:02 | Create | Villager (Male) |
| 19:07 | Build | House |
| 19:08 | Build | House |
| 19:09 | Build | House |
| 19:11 | Create | Villager (Male) |
| 19:17 | Build | Farm |
| 19:19 | Build | Farm |
| 19:22 | Build | Farm |
| 19:26 | Build | Farm |
| 19:28 | Build | Farm |
| 19:30 | Build | Farm |
| 19:32 | Build | Farm |
| 19:36 | Build | Farm |
| 19:39 | Build | Farm |
| 19:41 | Build | Farm |
| 19:42 | Create | Villager (Male) |
| 19:43 | Create | Villager (Male) |
| 19:54 | Create | Villager (Male) |
| 20:02 | Build | Farm |
| 20:03 | Build | Farm |
| 20:03 | Build | Farm |
| 20:03 | Build | Farm |
| 20:03 | Build | Farm |
| 20:05 | Build | Farm |
| 20:05 | Build | Farm |
| 20:06 | Build | Farm |
| 20:23 | Build | House |
| 20:24 | Create | Villager (Male) |
| 20:26 | Create | Villager (Male) |
| 20:27 | Create | Villager (Male) |
| 20:43 | Create | Villager (Male) |
| 20:49 | Build | Farm |
| 20:53 | Build | Farm |
| 20:56 | Build | Farm |
| 21:12 | Build | University |
| 21:13 | Create | Villager (Male) |
| 21:18 | Research | Wheelbarrow |
| 21:18 | Create | Villager (Male) |
| 21:18 | Create | Villager (Male) |
| 21:32 | Research | Loom |
| 21:33 | Create | Villager (Male) |
| 21:34 | Create | Villager (Male) |
| 22:16 | Create | Villager (Male) |
| 22:17 | Create | Villager (Male) |
| 22:18 | Create | Villager (Male) |
| 22:18 | Create | Villager (Male) |
| 22:22 | Research | Heavy Plow |
| 22:22 | Research | Bow Saw |
| 22:28 | Build | Barracks |
| 22:33 | Create | Villager (Male) |
| 22:33 | Create | Villager (Male) |
| 22:39 | Build | House |
| 22:39 | Build | House |
| 22:40 | Build | House |
| 22:41 | Build | House |
| 22:56 | Build | House |
| 22:57 | Build | House |
| 22:59 | Create | Spearman |
| 22:59 | Create | Spearman |
| 23:03 | Create | Villager (Male) |
| 23:04 | Create | Villager (Male) |
| 23:05 | Create | Villager (Male) |
Build order — cro55b0w
First 150 of 296 actions detected
| 0:01 | Create | Villager (Male) |
| 0:04 | Build | House |
| 0:06 | Build | House |
| 0:08 | Create | Villager (Male) |
| 0:08 | Create | Villager (Male) |
| 0:09 | Create | Villager (Male) |
| 0:09 | Create | Villager (Male) |
| 1:32 | Create | Villager (Male) |
| 1:33 | Create | Villager (Male) |
| 1:55 | Create | Villager (Male) |
| 1:56 | Create | Villager (Male) |
| 2:20 | Build | House |
| 2:21 | Build | House |
| 2:28 | Create | Villager (Male) |
| 2:29 | Create | Villager (Male) |
| 2:33 | Create | Villager (Male) |
| 2:33 | Create | Villager (Male) |
| 3:21 | Build | Lumber Camp |
| 3:36 | Build | Lumber Camp |
| 3:40 | Create | Villager (Male) |
| 3:45 | Create | Villager (Male) |
| 3:46 | Create | Villager (Male) |
| 3:46 | Create | Villager (Male) |
| 4:13 | Create | Villager (Male) |
| 4:14 | Create | Villager (Male) |
| 5:12 | Create | Villager (Male) |
| 5:24 | Create | Villager (Male) |
| 5:32 | Build | Mill |
| 6:03 | Create | Villager (Male) |
| 6:03 | Create | Villager (Male) |
| 6:31 | Build | House |
| 6:45 | Research | Loom |
| 7:38 | Research | Feudal Age |
| 7:47 | Build | Mining Camp |
| 8:16 | Create | Villager (Male) |
| 9:00 | Build | Barracks |
| 10:00 | Age | Feudal Age |
| 10:02 | Create | Villager (Male) |
| 10:13 | Build | Blacksmith |
| 10:16 | Build | House |
| 10:17 | Build | House |
| 10:28 | Build | Market |
| 10:37 | Create | Villager (Male) |
| 10:57 | Create | Spearman |
| 11:18 | Build | Mill |
| 11:19 | Create | Villager (Male) |
| 11:21 | Create | Villager (Male) |
| 11:57 | Build | Farm |
| 12:04 | Build | Farm |
| 12:09 | Build | House |
| 12:10 | Build | House |
| 12:19 | Create | Villager (Male) |
| 12:25 | Build | Farm |
| 12:45 | Build | House |
| 12:54 | Build | Farm |
| 13:00 | Build | Farm |
| 13:05 | Build | Farm |
| 13:07 | Build | Farm |
| 13:08 | Create | Villager (Male) |
| 13:09 | Create | Villager (Male) |
| 13:13 | Build | Farm |
| 13:16 | Build | Farm |
| 13:38 | Build | Farm |
| 13:39 | Build | Farm |
| 13:55 | Build | Farm |
| 14:04 | Create | Villager (Male) |
| 14:18 | Build | Farm |
| 14:32 | Build | Farm |
| 14:40 | Create | Villager (Male) |
| 14:51 | Build | Farm |
| 15:10 | Build | Farm |
| 15:17 | Create | Villager (Male) |
| 15:45 | Build | Farm |
| 16:24 | Research | Castle Age |
| 16:24 | Research | Castle Age |
| 16:40 | Research | Double-Bit Axe |
| 16:54 | Research | Gold Mining |
| 17:04 | Create | Spearman |
| 17:04 | Create | Spearman |
| 17:34 | Create | Spearman |
| 17:48 | Create | Spearman |
| 17:59 | Create | Villager (Male) |
| 18:17 | Create | Spearman |
| 19:02 | Create | Spearman |
| 19:04 | Age | Castle Age |
| 19:11 | Build | Siege Workshop |
| 19:18 | Build | Siege Workshop |
| 19:23 | Research | Bow Saw |
| 19:27 | Research | Gold Shaft Mining |
| 19:31 | Create | Villager (Male) |
| 19:46 | Create | Battering Ram |
| 19:50 | Create | Villager (Male) |
| 20:06 | Create | Villager (Male) |
| 20:11 | Create | Mangonel |
| 20:22 | Create | Battering Ram |
| 20:32 | Create | Villager (Male) |
| 20:46 | Create | Villager (Male) |
| 21:02 | Create | Battering Ram |
| 21:30 | Create | Battering Ram |
| 21:37 | Create | Villager (Male) |
| 21:43 | Create | Villager (Male) |
| 22:03 | Create | Battering Ram |
| 22:06 | Create | Spearman |
| 22:06 | Create | Spearman |
| 22:20 | Create | Villager (Male) |
| 22:24 | Create | Villager (Male) |
| 22:35 | Build | House |
| 22:36 | Build | House |
| 22:37 | Build | House |
| 23:36 | Create | Battering Ram |
| 23:37 | Create | Battering Ram |
| 23:37 | Create | Battering Ram |
| 23:37 | Create | Battering Ram |
| 23:50 | Create | Scorpion |
| 23:50 | Create | Scorpion |
| 23:52 | Create | Villager (Male) |
| 23:52 | Create | Villager (Male) |
| 23:55 | Build | Farm |
| 24:06 | Build | Lumber Camp |
| 24:09 | Create | Villager (Male) |
| 24:18 | Create | Scorpion |
| 24:18 | Create | Scorpion |
| 24:32 | Create | Scorpion |
| 24:53 | Create | Spearman |
| 24:57 | Create | Villager (Male) |
| 25:00 | Build | Farm |
| 25:06 | Build | Town Center |
| 25:12 | Create | Villager (Male) |
| 25:17 | Create | Scorpion |
| 25:18 | Create | Scorpion |
| 25:24 | Create | Spearman |
| 25:26 | Research | Scale Mail Armor |
| 25:33 | Build | Farm |
| 25:50 | Build | Farm |
| 26:07 | Research | Wheelbarrow |
| 26:15 | Build | Town Center |
| 26:38 | Create | Scorpion |
| 26:39 | Create | Scorpion |
| 26:52 | Create | Villager (Male) |
| 27:00 | Build | Farm |
| 27:02 | Build | Farm |
| 27:04 | Build | Farm |
| 27:05 | Build | Farm |
| 27:06 | Build | Farm |
| 27:11 | Build | Farm |
| 27:20 | Create | Villager (Male) |
| 27:24 | Build | Farm |
| 27:27 | Build | Farm |
| 27:54 | Build | Farm |
| 27:55 | Build | Farm |
Build order — Smh
First 150 of 388 actions detected
| 0:01 | Create | Villager (Male) ×4 |
| 0:04 | Build | House |
| 0:10 | Build | House |
| 0:43 | Research | Loom |
| 1:32 | Create | Villager (Male) |
| 2:09 | Create | Villager (Male) |
| 2:26 | Create | Villager (Male) |
| 2:26 | Create | Villager (Male) |
| 2:45 | Build | Settlement |
| 3:03 | Create | Villager (Male) |
| 3:03 | Create | Villager (Male) |
| 3:17 | Create | Villager (Male) |
| 3:17 | Create | Villager (Male) |
| 3:55 | Create | Villager (Male) ×2 |
| 4:21 | Create | Villager (Male) |
| 4:21 | Create | Villager (Male) |
| 4:57 | Create | Villager (Male) |
| 4:57 | Create | Villager (Male) |
| 5:16 | Create | Villager (Male) |
| 5:16 | Create | Villager (Male) |
| 5:47 | Create | Villager (Male) |
| 6:25 | Create | Villager (Male) |
| 6:25 | Create | Villager (Male) |
| 7:21 | Create | Villager (Male) |
| 7:21 | Create | Villager (Male) |
| 7:33 | Create | Villager (Male) |
| 8:24 | Research | Feudal Age |
| 9:00 | Create | Villager (Male) |
| 9:00 | Create | Villager (Male) |
| 9:33 | Create | Villager (Male) |
| 9:34 | Create | Villager (Male) |
| 9:46 | Build | Settlement |
| 10:11 | Build | Outpost |
| 10:12 | Build | Outpost |
| 10:24 | Build | Farm |
| 10:30 | Build | Farm |
| 10:32 | Build | Farm |
| 10:33 | Build | Farm |
| 10:34 | Age | Feudal Age |
| 10:35 | Build | Farm |
| 10:38 | Research | Horse Collar |
| 10:43 | Build | Farm |
| 10:46 | Research | Double-Bit Axe |
| 10:49 | Create | Villager (Male) |
| 10:49 | Create | Villager (Male) |
| 10:58 | Research | Town Watch |
| 10:58 | Create | Villager (Male) |
| 10:59 | Create | Villager (Male) |
| 11:08 | Build | Outpost |
| 11:22 | Create | Villager (Male) |
| 11:22 | Create | Villager (Male) |
| 11:29 | Build | Farm |
| 11:50 | Build | Blacksmith |
| 12:00 | Build | Outpost |
| 12:02 | Build | Outpost |
| 12:45 | Build | Market |
| 12:48 | Create | Villager (Male) |
| 12:48 | Create | Villager (Male) |
| 12:49 | Create | Villager (Male) |
| 13:23 | Create | Villager (Male) |
| 13:27 | Build | Farm |
| 13:28 | Build | Farm |
| 13:31 | Build | Farm |
| 13:45 | Create | Villager (Male) |
| 14:00 | Build | Farm |
| 14:25 | Build | Farm |
| 15:20 | Research | Castle Age |
| 15:21 | Research | Castle Age |
| 15:33 | Build | Barracks |
| 15:39 | Build | House |
| 15:40 | Build | House |
| 15:41 | Build | House |
| 15:42 | Build | House |
| 15:44 | Build | House |
| 15:45 | Build | House |
| 15:52 | Research | Gold Mining |
| 16:34 | Build | Archery Range |
| 16:42 | Build | Barracks |
| 16:45 | Create | Villager (Male) |
| 16:46 | Create | Villager (Male) |
| 16:46 | Create | Villager (Male) |
| 17:18 | Build | Settlement |
| 18:14 | Age | Castle Age |
| 18:15 | Research | Bow Saw |
| 18:16 | Research | Bow Saw |
| 18:19 | Create | Villager (Male) |
| 18:20 | Create | Villager (Male) |
| 18:58 | Build | Town Center |
| 19:04 | Create | Villager (Male) |
| 19:04 | Create | Villager (Male) |
| 19:10 | Build | Farm |
| 19:28 | Build | House |
| 19:29 | Build | House |
| 19:30 | Build | House |
| 19:32 | Build | House |
| 19:34 | Build | House |
| 19:36 | Build | House |
| 19:37 | Build | House |
| 19:46 | Create | Villager (Male) |
| 19:46 | Create | Villager (Male) |
| 19:54 | Research | Heavy Plow |
| 19:54 | Research | Heavy Plow |
| 19:57 | Research | Gold Shaft Mining |
| 20:00 | Create | Villager (Male) |
| 20:01 | Create | Villager (Male) |
| 20:25 | Research | Wheelbarrow |
| 20:39 | Create | Villager (Male) |
| 20:39 | Create | Villager (Male) |
| 20:39 | Create | Villager (Male) |
| 20:59 | Build | Town Center |
| 21:04 | Create | Villager (Male) |
| 21:04 | Create | Villager (Male) |
| 21:45 | Build | Farm |
| 21:46 | Build | Farm |
| 21:47 | Build | Farm |
| 21:50 | Create | Villager (Male) |
| 22:06 | Build | Archery Range |
| 22:15 | Create | Villager (Male) |
| 22:18 | Research | Hand Cart |
| 22:21 | Create | Villager (Male) |
| 22:30 | Build | Farm |
| 22:37 | Build | Farm |
| 22:38 | Build | Farm |
| 22:45 | Create | Villager (Male) |
| 22:51 | Build | House |
| 22:54 | Build | House |
| 22:57 | Create | Villager (Male) |
| 23:01 | Build | Farm |
| 23:08 | Build | Farm |
| 23:09 | Create | Villager (Male) |
| 23:11 | Create | Villager (Male) |
| 23:25 | Build | Farm |
| 23:39 | Create | Villager (Male) |
| 23:40 | Create | Villager (Male) |
| 23:45 | Build | Farm |
| 23:55 | Build | Farm |
| 23:58 | Create | Villager (Male) |
| 24:00 | Create | Villager (Male) |
| 24:00 | Create | Villager (Male) |
| 24:00 | Create | Villager (Male) |
| 24:01 | Create | Villager (Male) |
| 24:06 | Build | Farm |
| 24:07 | Build | Farm |
| 24:12 | Build | Farm |
| 24:15 | Create | Villager (Male) |
| 24:17 | Create | Villager (Male) |
| 24:36 | Build | Farm |
| 24:42 | Create | Villager (Male) |
| 24:44 | Create | Villager (Male) |
| 24:46 | Create | Villager (Male) |
Build order — Yasuo, the Unforgiven
First 150 of 284 actions detected
| 0:02 | Create | Villager (Male) ×5 |
| 0:03 | Build | House |
| 0:05 | Build | House |
| 0:20 | Create | Villager (Male) |
| 0:20 | Create | Villager (Male) |
| 0:31 | Build | Lumber Camp |
| 1:37 | Create | Villager (Male) |
| 1:38 | Create | Villager (Male) |
| 1:45 | Build | House |
| 1:53 | Build | House |
| 1:55 | Build | House |
| 2:39 | Create | Villager (Male) |
| 2:39 | Create | Villager (Male) |
| 3:12 | Create | Villager (Male) |
| 3:12 | Create | Villager (Male) |
| 3:42 | Create | Villager (Male) |
| 3:43 | Create | Villager (Male) |
| 4:06 | Create | Villager (Male) |
| 4:06 | Create | Villager (Male) |
| 4:30 | Create | Villager (Male) |
| 4:31 | Create | Villager (Male) |
| 4:54 | Create | Villager (Male) |
| 4:54 | Create | Villager (Male) |
| 5:43 | Create | Villager (Male) |
| 5:43 | Create | Villager (Male) |
| 6:16 | Build | Mill |
| 6:19 | Create | Villager (Male) |
| 6:49 | Create | Villager (Male) |
| 7:09 | Create | Villager (Male) |
| 7:11 | Build | Mill |
| 7:45 | Build | Mining Camp |
| 7:51 | Research | Feudal Age |
| 8:52 | Build | House |
| 8:55 | Create | Villager (Male) |
| 8:56 | Create | Villager (Male) |
| 9:50 | Build | Farm |
| 9:54 | Build | Farm |
| 10:01 | Age | Feudal Age |
| 10:02 | Build | Farm |
| 10:15 | Research | Double-Bit Axe |
| 10:15 | Research | Double-Bit Axe |
| 10:40 | Build | Barracks |
| 10:59 | Create | Villager (Male) |
| 11:00 | Create | Villager (Male) |
| 11:38 | Build | Stable |
| 11:52 | Create | Villager (Male) |
| 11:59 | Build | Blacksmith |
| 12:24 | Build | Farm |
| 12:31 | Build | Farm |
| 13:09 | Research | Castle Age |
| 13:17 | Build | Farm |
| 13:34 | Research | Horse Collar |
| 14:02 | Research | Gold Mining |
| 14:41 | Research | Bloodlines |
| 14:57 | Build | Farm |
| 15:09 | Create | Villager (Male) |
| 15:37 | Build | House |
| 15:49 | Age | Castle Age |
| 15:50 | Create | Knight |
| 15:52 | Create | Knight |
| 15:54 | Create | Villager (Male) |
| 15:59 | Build | Town Center |
| 16:12 | Create | Villager (Male) |
| 16:31 | Build | Monastery |
| 16:38 | Create | Knight |
| 16:51 | Create | Villager (Male) |
| 17:07 | Create | Villager (Male) |
| 17:07 | Create | Villager (Male) |
| 17:17 | Build | Farm |
| 17:20 | Create | Monk |
| 17:22 | Build | House |
| 17:30 | Create | Knight |
| 17:34 | Build | Farm |
| 17:36 | Build | Farm |
| 17:41 | Build | Farm |
| 17:43 | Build | Farm |
| 17:45 | Create | Villager (Male) |
| 17:47 | Create | Villager (Male) |
| 17:54 | Create | Monk |
| 18:04 | Build | House |
| 18:11 | Create | Villager (Male) |
| 18:16 | Create | Villager (Male) |
| 18:19 | Build | Farm |
| 18:27 | Create | Knight |
| 18:35 | Build | House |
| 18:38 | Create | Villager (Male) |
| 18:42 | Create | Villager (Male) |
| 18:53 | Create | Knight |
| 18:58 | Build | Farm |
| 19:01 | Create | Villager (Male) |
| 19:05 | Build | Farm |
| 19:17 | Build | House |
| 19:29 | Create | Villager (Male) |
| 19:32 | Build | Farm |
| 19:33 | Create | Villager (Male) |
| 19:39 | Create | Knight |
| 19:43 | Create | Monk |
| 19:54 | Build | House |
| 19:57 | Create | Villager (Male) |
| 20:02 | Create | Villager (Male) |
| 20:17 | Create | Knight |
| 20:27 | Build | House |
| 20:32 | Create | Villager (Male) |
| 20:36 | Build | Farm |
| 20:57 | Create | Villager (Male) |
| 21:01 | Build | Farm |
| 21:03 | Build | Farm |
| 21:05 | Build | Farm |
| 21:07 | Create | Villager (Male) |
| 21:41 | Create | Villager (Male) |
| 21:42 | Create | Villager (Male) |
| 21:48 | Build | Town Center |
| 21:49 | Create | Villager (Male) |
| 21:50 | Create | Villager (Male) |
| 21:51 | Create | Villager (Male) |
| 22:00 | Research | Scale Barding Armor |
| 22:22 | Build | Stable |
| 22:35 | Create | Villager (Male) |
| 22:39 | Create | Villager (Male) |
| 22:47 | Create | Villager (Male) |
| 22:52 | Build | House |
| 22:54 | Build | House |
| 23:41 | Create | Villager (Male) |
| 23:41 | Create | Villager (Male) |
| 23:51 | Create | Villager (Male) |
| 23:51 | Create | Villager (Male) |
| 23:53 | Build | Farm |
| 23:54 | Build | Farm |
| 24:00 | Research | Wheelbarrow |
| 24:12 | Create | Villager (Male) |
| 24:38 | Build | Farm |
| 24:40 | Build | Farm |
| 24:44 | Create | Villager (Male) |
| 24:44 | Create | Villager (Male) |
| 24:57 | Create | Villager (Male) |
| 25:03 | Research | Stone Mining |
| 25:05 | Build | Farm |
| 25:08 | Build | Farm |
| 25:14 | Build | House |
| 25:14 | Build | House |
| 25:32 | Build | Farm |
| 25:36 | Create | Villager (Male) |
| 25:36 | Create | Villager (Male) |
| 25:42 | Build | Farm |
| 25:44 | Research | Heavy Plow |
| 25:47 | Create | Villager (Male) |
| 26:01 | Build | University |
| 26:11 | Build | Farm |
| 26:13 | Create | Villager (Male) |
| 26:35 | Build | Stable |
Build order — 白米饭
First 150 of 437 actions detected
| 0:01 | Create | Villager (Male) |
| 0:01 | Create | Villager (Male) |
| 0:02 | Create | Villager (Male) |
| 0:02 | Create | Villager (Male) |
| 0:03 | Build | House |
| 0:05 | Build | House |
| 1:24 | Create | Villager (Male) |
| 1:46 | Build | Lumber Camp |
| 2:41 | Create | Villager (Male) |
| 2:41 | Create | Villager (Male) |
| 3:04 | Create | Villager (Male) |
| 3:27 | Create | Villager (Male) |
| 3:36 | Build | House |
| 3:37 | Build | House |
| 3:54 | Create | Villager (Male) |
| 3:54 | Create | Villager (Male) |
| 5:00 | Create | Villager (Male) |
| 5:00 | Create | Villager (Male) |
| 5:13 | Build | Mining Camp |
| 5:34 | Build | Mill |
| 5:54 | Create | Villager (Male) |
| 5:54 | Create | Villager (Male) |
| 5:54 | Create | Villager (Male) |
| 5:55 | Create | Villager (Male) |
| 6:17 | Create | Villager (Male) |
| 6:18 | Create | Villager (Male) |
| 7:17 | Create | Villager (Male) |
| 7:18 | Create | Villager (Male) |
| 9:03 | Research | Feudal Age |
| 9:37 | Create | Villager (Male) |
| 9:37 | Create | Villager (Male) |
| 11:13 | Age | Feudal Age |
| 11:17 | Build | Market |
| 11:22 | Build | Blacksmith |
| 12:03 | Build | Farm |
| 12:04 | Build | Farm |
| 12:06 | Build | Farm |
| 12:10 | Research | Castle Age |
| 12:18 | Build | House |
| 12:30 | Build | Farm |
| 13:26 | Research | Double-Bit Axe |
| 13:29 | Build | Farm |
| 13:37 | Build | Farm |
| 13:54 | Build | Farm |
| 14:04 | Research | Wheelbarrow |
| 14:06 | Create | Villager (Male) |
| 14:27 | Build | Farm |
| 14:35 | Create | Villager (Male) |
| 14:40 | Build | House |
| 14:42 | Build | House |
| 14:50 | Age | Castle Age |
| 14:57 | Build | Monastery |
| 15:43 | Build | Town Center |
| 15:46 | Create | Villager (Male) |
| 15:48 | Create | Monk |
| 16:25 | Research | Bow Saw |
| 16:34 | Create | Villager (Male) |
| 16:37 | Build | Farm |
| 16:46 | Build | House |
| 16:59 | Create | Villager (Male) |
| 17:00 | Create | Villager (Male) |
| 17:01 | Research | Loom |
| 17:05 | Build | Farm |
| 17:13 | Create | Villager (Male) |
| 17:15 | Create | Villager (Male) |
| 17:20 | Build | House |
| 17:35 | Create | Villager (Male) |
| 18:03 | Build | Town Center |
| 18:12 | Create | Villager (Male) |
| 18:12 | Create | Villager (Male) |
| 18:17 | Build | Farm |
| 18:20 | Build | Farm |
| 18:54 | Build | Farm |
| 18:58 | Create | Villager (Male) |
| 18:58 | Create | Villager (Male) |
| 18:58 | Create | Villager (Male) |
| 19:04 | Build | House |
| 19:10 | Create | Monk |
| 19:32 | Build | Farm |
| 19:37 | Build | House |
| 19:41 | Create | Villager (Male) |
| 19:47 | Build | Farm |
| 19:48 | Build | Farm |
| 19:50 | Build | Farm |
| 19:51 | Create | Villager (Male) |
| 19:52 | Create | Villager (Male) |
| 19:52 | Create | Villager (Male) |
| 19:52 | Create | Villager (Male) |
| 19:53 | Create | Villager (Male) |
| 19:54 | Create | Villager (Male) |
| 19:57 | Build | Farm |
| 19:58 | Build | Farm |
| 20:01 | Build | Farm |
| 20:03 | Build | Farm |
| 20:10 | Create | Villager (Male) |
| 20:10 | Create | Villager (Male) |
| 20:13 | Build | Farm |
| 20:24 | Build | Barracks |
| 20:34 | Build | University |
| 20:38 | Build | Farm |
| 20:42 | Create | Villager (Male) |
| 20:42 | Create | Villager (Male) |
| 20:43 | Create | Villager (Male) |
| 20:50 | Build | Farm |
| 20:51 | Build | Farm |
| 20:55 | Create | Villager (Male) |
| 20:56 | Create | Villager (Male) |
| 20:56 | Create | Villager (Male) |
| 21:00 | Build | Farm |
| 21:41 | Build | Siege Workshop |
| 21:47 | Create | Villager (Male) |
| 21:47 | Create | Villager (Male) |
| 21:50 | Create | Villager (Male) |
| 21:50 | Create | Villager (Male) |
| 21:50 | Create | Villager (Male) |
| 22:40 | Build | House |
| 22:45 | Create | Villager (Male) |
| 22:45 | Create | Villager (Male) |
| 22:45 | Create | Villager (Male) |
| 22:50 | Build | Farm |
| 22:52 | Create | Villager (Male) |
| 22:54 | Create | Villager (Male) |
| 22:54 | Create | Villager (Male) |
| 22:58 | Build | Farm |
| 22:59 | Build | Farm |
| 22:59 | Build | Farm |
| 22:59 | Build | Farm |
| 23:00 | Build | Farm |
| 23:01 | Build | Farm |
| 23:02 | Build | Farm |
| 23:08 | Build | Lumber Camp |
| 23:09 | Create | Villager (Male) |
| 23:11 | Create | Villager (Male) |
| 23:12 | Create | Villager (Male) |
| 23:14 | Research | Hand Cart |
| 23:16 | Build | Farm |
| 23:17 | Build | Farm |
| 23:19 | Build | Farm |
| 23:23 | Build | House |
| 23:56 | Build | Farm |
| 24:01 | Create | Villager (Male) |
| 24:01 | Create | Villager (Male) |
| 24:18 | Build | Farm |
| 24:22 | Build | House |
| 24:25 | Build | House |
| 24:50 | Build | Farm |
| 24:54 | Create | Villager (Male) |
| 24:57 | Research | Imperial Age |
| 24:59 | Create | Villager (Male) |
| 24:59 | Create | Villager (Male) |
Build order — QuisalanElevas
First 150 of 416 actions detected
| 0:01 | Create | Villager (Male) |
| 0:02 | Create | Villager (Male) |
| 0:02 | Create | Villager (Male) |
| 0:03 | Build | House |
| 0:04 | Build | House |
| 0:06 | Build | House |
| 0:13 | Create | Villager (Male) |
| 0:14 | Create | Villager (Male) |
| 0:22 | Build | House |
| 1:18 | Create | Villager (Male) |
| 1:19 | Create | Villager (Male) |
| 1:19 | Create | Villager (Male) |
| 1:45 | Create | Villager (Male) |
| 1:46 | Create | Villager (Male) |
| 1:46 | Create | Villager (Male) |
| 1:46 | Create | Villager (Male) |
| 2:17 | Create | Villager (Male) |
| 2:18 | Create | Villager (Male) |
| 2:43 | Build | Lumber Camp |
| 2:49 | Create | Villager (Male) |
| 2:49 | Create | Villager (Male) |
| 2:57 | Create | Villager (Male) |
| 2:57 | Create | Villager (Male) |
| 2:57 | Create | Villager (Male) |
| 3:25 | Create | Villager (Male) |
| 3:25 | Create | Villager (Male) |
| 3:34 | Create | Villager (Male) |
| 4:27 | Create | Villager (Male) |
| 4:28 | Create | Villager (Male) |
| 4:49 | Create | Villager (Male) |
| 4:50 | Create | Villager (Male) |
| 5:05 | Build | Mill |
| 5:18 | Create | Villager (Male) |
| 5:18 | Create | Villager (Male) |
| 5:30 | Create | Villager (Male) |
| 5:31 | Create | Villager (Male) |
| 5:31 | Create | Villager (Male) |
| 5:31 | Create | Villager (Male) |
| 6:11 | Create | Villager (Male) |
| 6:12 | Create | Villager (Male) |
| 6:19 | Build | House |
| 6:24 | Build | House |
| 6:26 | Create | Villager (Male) |
| 6:27 | Create | Villager (Male) |
| 6:48 | Build | Mill |
| 6:55 | Create | Villager (Male) |
| 6:55 | Create | Villager (Male) |
| 7:48 | Create | Villager (Male) |
| 7:49 | Create | Villager (Male) |
| 7:49 | Create | Villager (Male) |
| 7:49 | Create | Villager (Male) |
| 7:49 | Create | Villager (Male) |
| 8:44 | Research | Feudal Age |
| 8:50 | Build | Mining Camp |
| 9:59 | Build | Farm |
| 10:01 | Build | Farm |
| 10:04 | Build | Farm |
| 10:13 | Build | Farm |
| 10:56 | Create | Villager (Male) |
| 10:56 | Age | Feudal Age |
| 11:00 | Build | Market |
| 11:12 | Build | Blacksmith |
| 11:18 | Create | Villager (Male) |
| 11:40 | Create | Villager (Male) |
| 11:46 | Build | Farm |
| 11:48 | Build | Farm |
| 12:11 | Research | Castle Age |
| 12:11 | Research | Castle Age |
| 12:11 | Research | Castle Age |
| 12:40 | Research | Double-Bit Axe |
| 12:40 | Research | Double-Bit Axe |
| 12:52 | Research | Horse Collar |
| 13:30 | Build | House |
| 13:33 | Build | House |
| 13:38 | Build | House |
| 14:07 | Create | Villager (Male) |
| 14:08 | Create | Villager (Male) |
| 14:51 | Age | Castle Age |
| 14:52 | Build | Barracks |
| 14:59 | Build | Town Center |
| 15:08 | Create | Villager (Male) |
| 15:15 | Research | Bow Saw |
| 15:28 | Research | Man-at-Arms (upgrade) |
| 15:30 | Research | Gambesons |
| 15:31 | Research | Squires |
| 15:37 | Create | Militia |
| 15:37 | Create | Militia |
| 15:56 | Research | Heavy Plow |
| 16:07 | Build | Farm |
| 16:10 | Build | Farm |
| 16:16 | Build | Farm |
| 16:26 | Build | House |
| 16:29 | Create | Villager (Male) |
| 16:29 | Create | Villager (Male) |
| 16:40 | Create | Villager (Male) |
| 16:41 | Create | Villager (Male) |
| 16:44 | Build | Farm |
| 16:47 | Build | Farm |
| 16:49 | Build | Farm |
| 16:54 | Build | House |
| 17:00 | Create | Villager (Male) |
| 17:01 | Create | Villager (Male) |
| 17:07 | Build | Farm |
| 17:11 | Build | Farm |
| 17:14 | Build | Farm |
| 17:18 | Create | Villager (Male) |
| 17:19 | Create | Villager (Male) |
| 17:31 | Create | Villager (Male) |
| 17:33 | Build | Farm |
| 17:35 | Build | House |
| 17:37 | Build | House |
| 17:40 | Create | Villager (Male) |
| 17:40 | Create | Villager (Male) |
| 17:53 | Create | Villager (Male) |
| 17:53 | Create | Villager (Male) |
| 18:00 | Build | Farm |
| 18:05 | Build | Farm |
| 18:08 | Build | Farm |
| 18:10 | Create | Villager (Male) |
| 18:10 | Create | Villager (Male) |
| 18:11 | Create | Villager (Male) |
| 18:11 | Create | Villager (Male) |
| 18:19 | Create | Militia |
| 18:19 | Create | Militia |
| 18:20 | Create | Militia |
| 18:32 | Build | House |
| 18:33 | Build | House |
| 18:34 | Build | House |
| 18:36 | Create | Villager (Male) |
| 18:36 | Create | Villager (Male) |
| 18:41 | Create | Militia |
| 18:42 | Create | Militia |
| 18:44 | Create | Villager (Male) |
| 18:45 | Create | Villager (Male) |
| 18:51 | Build | Farm |
| 18:53 | Build | Farm |
| 18:54 | Create | Villager (Male) |
| 18:55 | Create | Villager (Male) |
| 19:04 | Create | Militia |
| 19:04 | Create | Militia |
| 19:06 | Create | Villager (Male) |
| 19:06 | Create | Villager (Male) |
| 19:06 | Create | Villager (Male) |
| 19:10 | Build | Farm |
| 19:11 | Create | Villager (Male) |
| 19:12 | Create | Villager (Male) |
| 19:12 | Create | Villager (Male) |
| 19:17 | Create | Villager (Male) |
| 19:26 | Build | Farm |
| 19:30 | Build | Farm |
Build order — 名字丶好怂
First 150 of 445 actions detected
| 0:00 | Create | Villager (Male) |
| 0:01 | Create | Villager (Male) |
| 0:01 | Create | Villager (Male) |
| 0:01 | Create | Villager (Male) |
| 0:02 | Create | Villager (Male) |
| 0:03 | Build | House |
| 0:05 | Build | House |
| 1:24 | Create | Villager (Male) |
| 1:49 | Build | Lumber Camp |
| 1:59 | Create | Villager (Male) |
| 2:20 | Create | Villager (Male) |
| 2:51 | Create | Villager (Male) |
| 3:02 | Build | House |
| 3:03 | Build | House |
| 3:05 | Create | Villager (Male) |
| 3:38 | Create | Villager (Male) |
| 4:02 | Create | Villager (Male) |
| 4:03 | Create | Villager (Male) |
| 4:16 | Build | Palisade Wall |
| 4:19 | Build | Building 796 |
| 4:37 | Create | Villager (Male) |
| 4:38 | Create | Villager (Male) |
| 4:56 | Create | Villager (Male) |
| 5:30 | Build | Mining Camp |
| 5:46 | Build | Palisade Wall |
| 5:49 | Build | Mill |
| 5:52 | Create | Villager (Male) |
| 5:52 | Create | Villager (Male) |
| 5:53 | Create | Villager (Male) |
| 5:59 | Build | Palisade Wall |
| 6:04 | Build | Palisade Wall |
| 6:07 | Build | Building 796 |
| 6:13 | Build | Palisade Wall |
| 6:16 | Build | Building 796 |
| 6:22 | Build | Palisade Wall |
| 6:24 | Build | Building 804 |
| 6:42 | Create | Villager (Male) |
| 6:42 | Create | Villager (Male) |
| 6:43 | Create | Villager (Male) |
| 7:38 | Create | Villager (Male) |
| 7:41 | Build | Farm |
| 7:48 | Research | Feudal Age |
| 7:48 | Research | Feudal Age |
| 8:04 | Build | Farm |
| 8:16 | Create | Villager (Male) |
| 8:16 | Create | Villager (Male) |
| 9:05 | Create | Villager (Male) |
| 10:07 | Age | Feudal Age |
| 10:10 | Build | Market |
| 10:13 | Build | Blacksmith |
| 10:27 | Build | House |
| 11:00 | Create | Villager (Male) |
| 11:22 | Research | Castle Age |
| 11:27 | Research | Horse Collar |
| 11:53 | Build | Farm |
| 11:54 | Build | Farm |
| 12:08 | Research | Double-Bit Axe |
| 12:09 | Research | Double-Bit Axe |
| 12:46 | Build | Lumber Camp |
| 13:19 | Create | Villager (Male) |
| 13:19 | Create | Villager (Male) |
| 14:02 | Age | Castle Age |
| 14:03 | Build | Town Center |
| 14:17 | Research | Bow Saw |
| 14:18 | Create | Villager (Male) |
| 14:33 | Build | Farm |
| 14:54 | Build | Farm |
| 15:05 | Create | Villager (Male) |
| 15:21 | Build | House |
| 15:21 | Build | House |
| 15:33 | Build | Town Center |
| 15:37 | Create | Villager (Male) |
| 15:37 | Create | Villager (Male) |
| 15:40 | Build | Farm |
| 15:42 | Build | Farm |
| 15:46 | Build | Farm |
| 15:46 | Create | Villager (Male) |
| 15:47 | Create | Villager (Male) |
| 16:09 | Build | Farm |
| 16:11 | Create | Villager (Male) |
| 16:14 | Build | Farm |
| 16:22 | Create | Villager (Male) |
| 16:31 | Build | Farm |
| 16:34 | Build | House |
| 16:43 | Build | Farm |
| 16:47 | Create | Villager (Male) |
| 16:51 | Create | Villager (Male) |
| 16:52 | Create | Villager (Male) |
| 16:54 | Build | Farm |
| 16:59 | Create | Villager (Male) |
| 17:09 | Build | House |
| 17:09 | Build | House |
| 17:11 | Create | Villager (Male) |
| 17:15 | Build | Farm |
| 17:23 | Create | Villager (Male) |
| 17:32 | Create | Villager (Male) |
| 17:38 | Build | Farm |
| 17:43 | Create | Villager (Male) |
| 17:43 | Create | Villager (Male) |
| 17:45 | Build | Farm |
| 17:53 | Create | Villager (Male) |
| 17:55 | Build | Farm |
| 18:05 | Create | Villager (Male) |
| 18:05 | Create | Villager (Male) |
| 18:06 | Create | Villager (Male) |
| 18:07 | Build | Farm |
| 18:13 | Build | Farm |
| 18:18 | Build | House |
| 18:22 | Build | House |
| 18:22 | Build | House |
| 18:24 | Create | Villager (Male) |
| 18:26 | Create | Villager (Male) |
| 18:33 | Build | Farm |
| 18:36 | Create | Villager (Male) |
| 18:42 | Build | Farm |
| 18:48 | Create | Villager (Male) |
| 18:49 | Create | Villager (Male) |
| 18:59 | Create | Villager (Male) |
| 19:06 | Create | Villager (Male) |
| 19:12 | Build | Farm |
| 19:13 | Create | Villager (Male) |
| 19:20 | Build | Farm |
| 19:20 | Create | Villager (Male) |
| 19:23 | Build | House |
| 19:24 | Build | House |
| 19:25 | Build | House |
| 19:27 | Create | Villager (Male) |
| 19:29 | Build | Farm |
| 19:31 | Build | Farm |
| 19:41 | Build | Farm |
| 19:43 | Create | Villager (Male) |
| 19:44 | Create | Villager (Male) |
| 19:45 | Create | Villager (Male) |
| 19:54 | Build | Farm |
| 20:00 | Create | Villager (Male) |
| 20:12 | Build | Farm |
| 20:12 | Build | Farm |
| 20:13 | Create | Villager (Male) |
| 20:14 | Create | Villager (Male) |
| 20:14 | Create | Villager (Male) |
| 20:32 | Build | Farm |
| 20:36 | Build | Mill |
| 20:37 | Create | Villager (Male) |
| 20:37 | Create | Villager (Male) |
| 20:38 | Create | Villager (Male) |
| 20:38 | Create | Villager (Male) |
| 20:51 | Research | Wheelbarrow |
| 20:52 | Create | Villager (Male) |
| 20:57 | Build | House |
| 20:58 | Build | House |
Match timeline
| 4:16 | 名字丶好怂 · wall_segment Palisade Wall x1 |
| 5:46 | 名字丶好怂 · wall_segment Palisade Wall x1 |
| 5:59 | 名字丶好怂 · wall_segment Palisade Wall x1 |
| 6:04 | 名字丶好怂 · wall_segment Palisade Wall x1 |
| 6:13 | 名字丶好怂 · wall_segment Palisade Wall x1 |
| 6:22 | 名字丶好怂 · wall_segment Palisade Wall x1 |
| 9:00 | cro55b0w · first_building Barracks |
| 10:00 | cro55b0w · age_up feudal |
| 10:01 | Yasuo, the Unforgiven · age_up feudal |
| 10:07 | 名字丶好怂 · age_up feudal |
| 10:15 | its big brain time · age_up feudal |
| 10:34 | Smh · age_up feudal |
| 10:40 | Yasuo, the Unforgiven · first_building Barracks |
| 10:56 | QuisalanElevas · age_up feudal |
| 11:13 | 白米饭 · age_up feudal |
| 11:38 | Yasuo, the Unforgiven · first_building Stable |
| 13:50 | its big brain time · age_up castle |
| 14:02 | 名字丶好怂 · age_up castle |
| 14:17 | Smh · first_market_sell 100 wood |
| 14:43 | fthkzlty · first_building Siege Workshop |
| 14:50 | 白米饭 · age_up castle |
| 14:51 | QuisalanElevas · age_up castle |
| 14:52 | QuisalanElevas · first_building Barracks |
| 14:57 | 白米饭 · first_building Monastery |
| 15:13 | its big brain time · first_market_buy 100 food |
| 15:33 | Smh · first_building Barracks |
| 15:49 | Yasuo, the Unforgiven · age_up castle |
| 16:31 | Yasuo, the Unforgiven · first_building Monastery |
| 16:34 | Smh · first_building Archery Range |
| 16:47 | 名字丶好怂 · first_market_buy 100 food |
| 17:24 | its big brain time · first_building Monastery |
| 18:14 | Smh · age_up castle |
| 19:01 | QuisalanElevas · first_market_buy 100 food |
| 19:03 | its big brain time · first_building Barracks |
| 19:04 | cro55b0w · age_up castle |
| 19:11 | cro55b0w · first_building Siege Workshop |
| 20:24 | 白米饭 · first_building Barracks |
| 20:44 | Smh · first_market_buy 100 stone |
| 21:41 | 白米饭 · first_building Siege Workshop |
| 22:16 | QuisalanElevas · first_market_sell 100 food |
| 22:18 | its big brain time · first_building Archery Range |
| 22:21 | 名字丶好怂 · first_building Castle |
| 22:28 | fthkzlty · first_building Barracks |
| 22:34 | QuisalanElevas · first_building Castle |
| 23:32 | fthkzlty · first_building Castle |
| 23:44 | 名字丶好怂 · wall_segment Stone Wall x7 |
| 25:08 | 名字丶好怂 · first_building Barracks |
| 25:43 | 名字丶好怂 · first_market_sell 100 wood |
| 25:44 | fthkzlty · first_market_sell 100 wood |
| 25:50 | its big brain time · first_market_sell 100 food |
| 26:36 | 白米饭 · first_building Stable |
| 27:24 | Smh · first_building Monastery |
| 28:01 | its big brain time · first_building Stable |
| 28:07 | 白米饭 · age_up imperial |
| 28:29 | its big brain time · first_building Castle |
| 28:56 | 名字丶好怂 · age_up imperial |
| 29:15 | its big brain time · age_up imperial |
| 30:03 | Yasuo, the Unforgiven · first_building Castle |
| 30:09 | Yasuo, the Unforgiven · age_up imperial |
| 30:43 | 白米饭 · first_market_sell 100 wood |
| 31:17 | 名字丶好怂 · first_building Siege Workshop |
| 31:39 | 名字丶好怂 · wall_segment Stone Wall x4 |
| 32:00 | Smh · age_up imperial |
| 32:13 | 名字丶好怂 · wall_segment Stone Wall x1 |
| 32:14 | 名字丶好怂 · wall_segment Stone Wall x1 |
| 32:31 | 名字丶好怂 · first_building Archery Range |
| 32:57 | cro55b0w · wall_segment Stone Wall x1 |
| 33:09 | QuisalanElevas · age_up imperial |
| 33:36 | cro55b0w · age_up imperial |
| 33:38 | its big brain time · first_building Siege Workshop |
| 34:36 | Smh · first_building Siege Workshop |
| 34:38 | 名字丶好怂 · first_building Stable |
| 35:43 | 白米饭 · first_building Castle |
| 37:08 | 白米饭 · tribute_sent a jugador 1 |
| 37:08 | 白米饭 · tribute_sent a jugador 2 |
| 37:08 | 白米饭 · tribute_sent a jugador 3 |
| 37:08 | 白米饭 · tribute_sent a jugador 4 |
| 37:08 | 白米饭 · tribute_sent a jugador 5 |
| 37:08 | 白米饭 · tribute_sent a jugador 7 |
| 37:08 | 白米饭 · tribute_sent a jugador 8 |
| 39:09 | fthkzlty · first_building Stable |
| 39:51 | cro55b0w · resign |
| 41:30 | its big brain time · tribute_sent a jugador 1 |
| 41:30 | its big brain time · tribute_sent a jugador 2 |
| 41:30 | its big brain time · tribute_sent a jugador 3 |
| 41:30 | its big brain time · tribute_sent a jugador 4 |
| 41:30 | its big brain time · tribute_sent a jugador 6 |
| 41:30 | its big brain time · tribute_sent a jugador 7 |
| 41:30 | its big brain time · tribute_sent a jugador 8 |
[ AI ANALYSIS · 1 CREDIT ]
What really happened in this match?
Wolo.gg analyzes every decision: build order, eco, micro, common mistakes by bracket. Personalized analysis on WhatsApp or Discord in 30 seconds.
Civ guide
Poles
Map guide
Arena
Perfil
its big brain time